 Dungeon Crawl Stone Soup version 0.31-a0-986-g5e6e4ef867 (webtiles) character file.

Game seed: 10278796067995762369

236 Firecrotchwizard the Changeling (level 6, 0/47 HPs)
             Began as a Merfolk Shapeshifter on Nov 4, 2023.
             Slain by a gnoll
             ... wielding a +3 spear
             ... led by a gnoll bouda
              (2 damage)
             ... on level 4 of the Dungeon.
             The game lasted 00:06:24 (2814 turns).

Firecrotchwizard the Changeling (MfSh)              Turns: 2814, Time: 00:06:25

Health: 0/47       AC:  5    Str: 15    XL:     6   Next: 6%
Magic:  6/6        EV: 12    Int:  9    God:
Gold:   148        SH:  0    Dex: 15    Spells: 5/5 levels left

rFire   . .          .
                       - Unarmed
rCold   . . .        (no shield)
rNeg    . . .        p - +0 ring mail
rPois   .            (helmet currently unavailable)
rElec   .            (cloak currently unavailable)
rCorr   .            (gloves currently unavailable)
SInv    .            (boots currently unavailable)
Will    .....        (no amulet)
Stlth   +            (no ring)
HPRegen 0.27/turn    (no ring)
MPRegen 0.10/turn

%: no passive effects
@: beast-form
A: beast (slay +2), (nimble swimmer 2), mertail
a: Begin Untransformation


You were on level 4 of the Dungeon.
You were a hulking beast.
You visited 1 branch of the dungeon, and saw 4 of its levels.

You collected 148 gold pieces.

Inventory:

Missiles
 r - 6 poisoned darts
Armour
 a - a +0 animal skin
 p - a +0 ring mail (worn)
Talismans
 c - a beast talisman
 d - a flux talisman
Scrolls
 g - 2 scrolls of poison {unknown}
 h - a scroll of noise {unknown}
 i - 2 scrolls of teleportation {unknown}
 j - a scroll of enchant weapon {unknown}
 k - a scroll of amnesia {unknown}
 l - 2 scrolls of identify {unknown}
 q - a scroll of silence {unknown}
Potions
 e - a potion of curing {unknown}
 f - a potion of experience {unknown}
 m - a potion of enlightenment {unknown}
 n - a potion of heal wounds {unknown}
 o - a potion of berserk rage {unknown}


   Skills:
 + Level 3.0 Fighting
 + Level 4.4 Dodging
 * Level 5.0 Unarmed Combat
 + Level 5.1 Shapeshifting


You had 5 spell levels left.
You didn't know any spells.
Your spell library contained the following spells:

 Spells                   Type           Power      Damage    Failure   Level
 Ensorcelled Hibernation  Hex/Ice        0%         N/A       77%         2
 Passwall                 Tmut/Erth      0%         N/A       77%         2
 Swiftness                Air            0%         N/A       94%         3
 Tukima's Dance           Hex            0%         N/A       94%         3
 Dimensional Bullseye     Hex/Tloc       0%         N/A       100%        4
 Iskenderun's Mystic Bla  Conj/Tloc      0%         2d3       100%        4


Dungeon Overview and Level Annotations

Branches:
Dungeon (4/15)
 Temple: D:4-7

Altars:


Innate Abilities, Weirdness & Mutations

You are a hulking beast.
Your limbs bulge with bestial killing power. (Slay +2)
((You are very nimble when in or above water. (Stealth+, EV+, Speed+++)))
Your lower body shifts to a powerful aquatic tail in water.


Message History

The gnoll hits you from afar with a +3 spear.
* * * LOW HITPOINT WARNING * * *
The gnoll attacks as it pursues you! The gnoll hits you with a +0 whip.
* * * LOW HITPOINT WARNING * * *
The gnoll misses you.
Your transformation has ended.
You turn into a tree.
Your +0 ring mail melds into your body.
Your roots penetrate the ground.
The gnoll hits you with a +0 whip.
* * * LOW HITPOINT WARNING * * *
You barely miss the gnoll. The gnoll hits you but does no damage.
You hit the gnoll but do no damage. The gnoll barely misses you.
You barely miss the gnoll. The gnoll hits you but does no damage.
You smack the gnoll!
The gnoll is severely wounded.
The gnoll hits you but does no damage.
You hit the gnoll.
You kill the gnoll!
You cannot move.
You cannot move.
You smack the gnoll bouda!
The gnoll bouda is almost dead.
The gnoll bouda prays to its god.
The gnoll bouda is healed somewhat.
The gnoll hits you but does no damage.
You barely miss the gnoll bouda.
The gnoll bouda is severely wounded.
The gnoll bouda hits you but does no damage.
The gnoll hits you but does no damage.
You barely miss the gnoll bouda.
The gnoll bouda is severely wounded.
The gnoll bouda hits you but does no damage.
The gnoll hits you but does no damage.
You hit the gnoll bouda.
The gnoll bouda is severely wounded.
The gnoll is no longer moving quickly. x2
The gnoll bouda hits you but does no damage.
The gnoll hits you but does no damage.
You hit the gnoll bouda.
The gnoll bouda is almost dead.
The gnoll is no longer moving quickly.
The gnoll bouda barks out a call to the hunt!
The gnolls pick up the pace!
The gnoll hits you but does no damage.
You smack the gnoll bouda!
You kill the gnoll bouda!
The gnoll hits you but does no damage.
Your Fighting skill increases to level 3!
Your Unarmed Combat skill increases to level 5!
You have reached level 6!
The gnoll hits you but does no damage.
The gnoll is no longer moving quickly.
The gnoll hits you but does no damage.
The gnoll hits you from afar with a +3 spear.
* * * LOW HITPOINT WARNING * * *
The gnoll hits you but does no damage. The gnoll hits you but does no damage.
Unknown command.
The gnoll hits you but does no damage. The gnoll hits you but does no damage.
The gnoll hits you but does no damage. The gnoll hits you but does no damage.
The gnoll hits you but does no damage. The gnoll hits you but does no damage.
The gnoll hits you but does no damage.
The gnoll is no longer moving quickly.
The gnoll hits you but does no damage.
The gnoll is no longer moving quickly.
The gnoll hits you from afar with a +3 spear.
* * * LOW HITPOINT WARNING * * *
The gnoll hits you from afar with a +3 spear.
* * * LOW HITPOINT WARNING * * *
The gnoll hits you from afar with a +3 spear.
* * * LOW HITPOINT WARNING * * *
The gnoll hits you but does no damage. The gnoll hits you but does no damage.
The gnoll is no longer moving quickly.
The gnoll hits you but does no damage. The gnoll hits you but does no damage.
Your transformation is almost over.
The gnoll hits you but does no damage. The gnoll hits you but does no damage.
Unknown command.
The gnoll hits you from afar with a +3 spear.
* * * LOW HITPOINT WARNING * * *
The gnoll hits you from afar with a +3 spear!
* * * LOW HITPOINT WARNING * * *
You hear the slow rusting of a very distant drain.
The gnoll hits you but does no damage.
Unknown command.
The gnoll hits you but does no damage.
Unknown command.
The gnoll hits you from afar with a +3 spear.
* * * LOW HITPOINT WARNING * * *
The gnoll hits you but does no damage.
Unknown command.
The gnoll hits you but does no damage.
Unknown command.
The gnoll hits you from afar with a +3 spear.
* * * LOW HITPOINT WARNING * * *
You feel less wooden.
Your +0 ring mail unmelds from your body.
You turn into a hulking beast.
The gnoll hits you from afar with a +3 spear.
You die...

# ### ###
#.#.....
#.#.#.##
#......#
#h# #)#
#g## #gg#
# #g.#.#
#....#
#....#
#.......'
......###


You could see 4 gnolls.

Vanquished Creatures
  3 hounds
  A gnoll bouda (D:4)
  An iguana (D:4)
  2 gnolls
  3 adders
  A worm (D:3)
  4 endoplasms
  4 giant cockroaches
  5 goblins
  8 hobgoblins
  2 quokkas
  A ball python (D:3)
  3 bats (D:1)
  3 frilled lizards
  5 kobolds
  3 rats
49 creatures vanquished.

Notes
Turn   | Place    | Note
-------+----------+-------------------------------------------
     0 | D:1      | Firecrotchwizard the Merfolk Shapeshifter began the quest
                  | for the Orb.
     0 | D:1      | Reached XP level 1. HP: 15/15 MP: 1/1
   372 | D:1      | Reached XP level 2. HP: 21/21 MP: 2/2
   398 | D:1      | Reached XP level 3. HP: 26/27 MP: 3/3
  1657 | D:3      | Reached XP level 4. HP: 29/34 MP: 4/4
  1945 | D:3      | Reached XP level 5. HP: 33/39 MP: 5/5
  2679 | D:4      | Reached skill level 5 in Shapeshifting
  2756 | D:4      | Noticed an ogre
  2756 | D:4      | Noticed a black bear
  2784 | D:4      | Reached skill level 5 in Unarmed Combat
  2784 | D:4      | Reached XP level 6. HP: 18/47 MP: 6/6
  2813 | D:4      | HP: 2/70 [gnoll/+3 spear[a gnoll bouda] (4)]
  2814 | D:4      | Slain by a gnoll

Illustrated notes

Levels and vault maps discovered:
D:1:      dpeg_arrival_leaves_temple_mockup, layout_loops_ring,
          minmay_tetromino_s2
D:2:      layout_loops_ring
D:3:      layout_loops_corners, nrook_uturn, minmay_misc_feat_roman,
          minmay_hedge_maze, grunt_decor_clamped
D:4:      layout_loops_corners, grunt_temple_overflow_opulence,
          trog_butcher_becter, portal_sewer_entry_f

Skill      XL: |  1  2  3  4  5 |
---------------+----------------+-----
Dodging        | 3 4 |  4.4
Fighting       | 2 3 |  3.0
Unarmed Combat | 4 5 |  5.0
Shapeshifting  | 5 |  5.1

Action                     |  1- 3 |  4- 6 || total
---------------------------+-------+-------++-------
  Melee: Unarmed           |    89 |    59 ||   148
         Punch             |     1 |       ||     1
    Use: Potion            |       |     1 ||     1
   Stab: Sleeping          |     3 |       ||     3
 Armour: Animal skin       |    29 |       ||    29
         Ring mail         |     9 |    29 ||    38
         Skin              |       |    43 ||    43
  Dodge: Dodged            |    53 |    25 ||    78

Table legend: (Time is in decaauts)
 A = Elapsed time spent in this place.
 B = Non-inter-level travel time spent in this place.
 C = Inter-level travel time spent in this place.
 D = Time resting spent in this place.
 E = Time spent auto-exploring this place.
 F = Levels seen in this place.
 G = Mean time per level.
                   A        B        C        D        E       F      G
               +--------+--------+--------+--------+--------+-----+--------+
         Total |   2803 |   2672 |    131 |      0 |   2304 |   4 |  700.8 |
       Dungeon |   2803 |   2672 |    131 |      0 |   2304 |   4 |  700.8 |
               +--------+--------+--------+--------+--------+-----+--------+

Top non-repeatable levels by time:
     D:3: 1023 daAuts
     D:1: 910 daAuts
     D:2: 661 daAuts
     D:4: 207 daAuts
